AoeStats
← MadEvilTimes

Nomad

510506232Analyzed
4v4 RM · 1d ago on Oct 1, 2026· 31m 57s· 8 players
Game mode
Random Map
Map size
231×231
Population
200
Speed
Normal
Resources
Standard
Victory
Conquest
Starting age
Dark Age
Ending age
Imperial Age
RankedLock teamsTeams togetherTeam positionsShared explorationLock speedFull tech treeHidden civsTurbo modeCheats
Victory
Defeat
🇨🇳 Magyars · China
1652
+11
🇨🇳 Khmer · China
1641
+11
🇻🇳 Koreans · Vietnam
1604
+13
🇭🇰 Wu · Hong Kong SAR China
1451
+19
🇩🇪 Varangians · Germany
1560
-15
🇨🇳 Persians · China
1533
-14
🇳🇱 Mongols · Netherlands
1515
-13
🇩🇪 Malians · Germany
1506
-12
Tiekel
8:59 Loom
13:18 Feudal Age
14:25 Fishing Lines
14:41 Double-Bit Axe
17:05 Castle Age
15:47 Gold Mining
15:48 Fletching
18:15 Bow Saw
20:25 Bodkin Arrow
20:51 Padded Archer Armor
21:55 Town Watch
26:28 Wheelbarrow
Kylo
4:25 Loom
12:48 Feudal Age
14:17 Fletching
17:07 Double-Bit Axe
18:16 Town Watch
18:50 Fishing Lines
22:36 Castle Age
23:34 Wheelbarrow
24:18 Bodkin Arrow
29:54 Fervor
30:41 Horse Collar
啥牌子的
5:14 Loom
12:56 Feudal Age
15:28 Forging
18:11 Castle Age
17:08 Double-Bit Axe
18:11 Gold Mining
18:53 Medium Warships
19:20 Iron Casting
20:38 Bow Saw
21:02 Fishing Lines
23:11 Careening
25:02 Town Watch
25:31 Horse Collar
26:08 Clinker Construction
27:42 Siphons
28:48 Heavy Plow
29:37 Gillnets
MadEvilTimes
12:08 Feudal Age
11:27 Loom
12:58 Double-Bit Axe
17:22 Castle Age
15:40 Gold Mining
15:34 Horse Collar
16:32 Stone Mining
18:45 Bow Saw
20:00 Medium Warships
20:23 Heavy Plow
22:18 Wheelbarrow
25:23 Padded Archer Armor
30:43 Forging
胖子事情多
12:43 Feudal Age
17:10 Castle Age
15:43 Horse Collar
18:11 Medium Warships
20:00 Double-Bit Axe
24:19 Bow Saw
24:37 Heavy Plow
26:23 Fletching
28:53 Wheelbarrow
31:49 Hand Cart
31:37 Gold Mining
34:37 Imperial Age
king00005
9:18 Loom
12:09 Feudal Age
14:01 Town Watch
17:08 Castle Age
16:00 Double-Bit Axe
16:10 Fletching
17:11 Gold Mining
18:27 Bodkin Arrow
18:46 Bow Saw
18:33 Bodkin Arrow
19:08 Fishing Lines
23:21 Horse Collar
24:22 Padded Archer Armor
24:32 Forging
24:22 Padded Archer Armor
25:00 Ballistics
26:11 Red Cliffs Tactics
28:53 Wheelbarrow
28:41 Leather Archer Armor
29:22 Stone Mining
小白
4:59 Loom
12:55 Feudal Age
16:38 Castle Age
17:54 Double-Bit Axe
24:46 Scale Barding Armor
ChangT
4:39 Loom
12:56 Feudal Age
16:51 Castle Age
15:28 Double-Bit Axe
15:45 Stone Mining
15:47 Gold Mining
17:59 Bow Saw
17:42 Fletching
19:02 Bodkin Arrow
21:28 Wheelbarrow
22:04 Town Watch
27:05 Horse Collar
30:18 Hand Cart
Connection lost

Rejoining the realm…

Still unreachable

The connection could not be restored.

Session expired

The server has moved on; the page needs a fresh start.